 Dungeon Crawl Stone Soup version 0.29.1-15-g9cfb28693d (webtiles) character file.

Game seed: 14408114936030966151

312 386 the Shooter (level 6, 53/53 HPs)
             Began as a Minotaur Hunter on Mar 25, 2023.
             Was an Initiate of Cheibriados.
             Quit the game in the Ecumenical Temple.
             The game lasted 00:09:19 (2830 turns).

386 the Shooter (Minotaur Hunter)                   Turns: 2830, Time: 00:09:19

Health: 53/53      AC:  5    Str: 16    XL:     6   Next: 18%
Magic:  5/5        EV: 13    Int:  7    God:    Cheibriados [......]
Gold:   176        SH:  0    Dex: 17    Spells: 5/5 levels left

rFire   . . .      SeeInvis .   a - +0 shortbow
rCold   . . .      Faith    .   (shield currently unavailable)
rNeg    . . .      Spirit   .   c - +0 leather armour
rPois   .          Reflect  .   (helmet restricted)
rElec   .          Harm     .   s - +0 cloak
rCorr   .          Rampage  .   w - +0 pair of gloves
Will    .....                   (no boots)
Stlth   ++........              (no amulet)
HPRegen 0.17/turn               (no ring)
MPRegen 0.09/turn               (no ring)

@: slow
A: horns 2, retaliatory headbutt
a: Renounce Religion


You were in the Ecumenical Temple.
You worshipped Cheibriados.
Cheibriados was noncommittal.
You visited 2 branches of the dungeon, and saw 5 of its levels.

You collected 176 gold pieces.

Inventory:

Hand Weapons
 a - a +0 shortbow (weapon)
 n - a +2 vorpal sling
 v - a +2 dagger of venom
 z - the +8 war axe of the Maze {freeze, rC+}
   (You found it on level 4 of the Dungeon)

   It freezes those it strikes, dealing additional cold damage.
   It can also slow down cold-blooded creatures.
   rC:        It protects you from cold.
Armour
 c - a +0 leather armour (worn)
 s - a +0 cloak (worn)
 w - a +0 pair of gloves (worn)
Scrolls
 b - a scroll of immolation
 e - a scroll of fear {unknown}
 f - a scroll of blinking {unknown}
 i - 4 scrolls of identify {unknown}
 j - 5 scrolls of butterflies {unknown}
 k - a scroll of brand weapon {unknown}
 l - a scroll of teleportation {unknown}
 o - a scroll of amnesia {unknown}
 r - a scroll of noise {unknown}
 t - a scroll of poison {unknown}
 u - 3 scrolls of enchant armour {unknown}
 x - a scroll of torment {unknown}
 y - a scroll of magic mapping {unknown}
Potions
 d - 2 potions of invisibility {unknown}
 g - 2 potions of curing {unknown}
 h - a potion of brilliance {unknown}
 m - a potion of might {unknown}
 p - 3 potions of mutation {unknown}
 q - 2 potions of resistance {unknown}


   Skills:
 + Level 4.7 Fighting
 + Level 5.8 Ranged Weapons
 + Level 0.0 Armour
 + Level 4.2 Dodging
 - Level 2.0 Stealth


You had 5 spell levels left.
You didn't know any spells.
Your spell library contained the following spells:

 Spells                   Type           Power      Damage    Failure   Level
 Call Canine Familiar     Summ           0%         N/A       86%         3
 Portal Projectile        Hex/Tloc       0%         N/A       86%         3
 Leda's Liquefaction      Hex/Erth       0%         N/A       99%         4


Dungeon Overview and Level Annotations

Branches:
Dungeon (4/15)             Temple (1/1) D:4

Altars:
Ashenzari
Cheibriados
Dithmenos
Gozag
Kikubaaqudgha
Nemelex Xobeh
Okawaru
Qazlal
Sif Muna
Wu Jian
Xom
Yredelemnul

Annotations:
D:4 Sigmund


Innate Abilities, Weirdness & Mutations

You have a pair of horns on your head.
You reflexively headbutt those who attack you in melee.


Message History

There is a stormy altar of Qazlal here.
You enter the shallow water.
Moving in this stuff is going to be slow.
You enter the shallow water.
Moving in this stuff is going to be slow.
You enter the shallow water.
Moving in this stuff is going to be slow.
You enter the shallow water.
Moving in this stuff is going to be slow.
Key pressed, stopping explore.
There is an ancient bone altar of Kikubaaqudgha here.
You enter the shallow water.
Moving in this stuff is going to be slow.
There is a broken altar of Ashenzari here.
You enter the shallow water.
Moving in this stuff is going to be slow.
You enter the shallow water.
Moving in this stuff is going to be slow.
Key pressed, stopping explore.
You enter the shallow water.
Moving in this stuff is going to be slow.
There is a sparkling altar of Nemelex Xobeh here.
You enter the shallow water.
Moving in this stuff is going to be slow.
Partly explored, can't reach some places.
Partly explored, can't reach some places.
Search for what [? for help]? hepli Can't find anything matching that.
Search for what [Enter for "hepli", or ? for help]? hepl Can't find anything matching that.
You enter the shallow water.
Moving in this stuff is going to be slow.
You enter the shallow water.
Moving in this stuff is going to be slow.
There is a snail-covered altar of Cheibriados here.
You kneel at the altar of Cheibriados.
Cheibriados welcomes you!
Cheibriados begins to support your attributes as your movement slows.
Cheibriados is now slowing the effects of poison on you.
Are you sure you want to abandon this character and quit the game? (Confirm with "yes".)

≈≈≈≈≈≈≈≈≈≈≈≈≈≈≈≈≈≈≈≈≈≈≈≈≈≈≈≈≈≈≈≈≈
≈≈≈≈≈≈≈≈≈≈≈≈≈≈≈≈≈≈≈≈≈≈≈≈≈≈≈≈≈≈≈≈≈
≈≈≈≈≈≈≈≈≈≈≈≈≈≈≈≈≈≈≈≈≈≈≈≈≈≈≈≈≈≈≈≈≈
≈≈≈≈≈≈≈≈≈≈≈≈≈≈≈≈≈≈≈≈≈≈≈≈≈≈≈≈≈≈≈≈≈
≈≈≈≈≈≈≈≈≈≈≈≈≈≈≈≈≈≈≈≈≈≈≈≈≈≈≈≈≈≈≈≈≈
≈≈≈≈≈≈≈≈≈~≈≈≈≈≈~≈≈≈≈≈≈≈≈≈≈≈≈≈≈≈≈≈
≈≈≈≈≈≈≈≈~~≈~~~~~~≈~~~≈≈~≈~≈~~≈≈~~
≈≈≈≈≈≈≈~~.##~~~~.~##~###~~~#.###~
≈≈≈≈≈≈≈≈~#8._~8~@~.~_~.~_..~_~8._
≈≈≈≈≈≈≈≈~~......~~..~~~.~~.~~~~~.
≈≈≈≈≈≈≈≈~~..~~..~~~.~.~.~~~~.....
≈≈≈≈≈≈≈≈~..~.......~~.~.~~..~~.~.
≈≈≈≈≈≈≈≈~...~.~..~~~~.~.~~.~~~~.~
≈≈≈≈≈≈≈≈~.~~.~....~~~~.~....~.~~.
≈≈≈≈≈≈≈~~..~.~8._..~_~8._~.._..._
≈≈≈≈≈≈≈~~.~##.~~##~~~~####.#~#~#.
≈≈≈≈≈≈≈≈~~~≈~~~≈≈~~~~≈~~~~~~~~~~≈


There were no monsters in sight!

Vanquished Creatures
  An ogre (D:4)
  An iguana (D:4)
  An orc wizard (D:4)
  3 gnolls (D:3)
  5 adders
  An ufetubus (D:4)
  A worm (D:2)
  2 dart slugs
  6 orcs
  2 ball pythons (D:1)
  3 bats
  7 endoplasms
  3 giant cockroaches
  7 hobgoblins
  4 jackals
  8 kobolds
  5 quokkas
  4 frilled lizards
  11 goblins
  6 rats
  A spectral goblin (D:1)
82 creatures vanquished.

Notes
Turn   | Place    | Note
-------+----------+-------------------------------------------
     0 | D:1      | 386 the Minotaur Hunter began the quest for the Orb.
     0 | D:1      | Reached XP level 1. HP: 18/18 MP: 0/0
    65 | D:1      | Reached skill level 1 in Stealth
   136 | D:1      | Found a faded altar of an unknown god.
   154 | D:1      | Reached XP level 2. HP: 25/25 MP: 1/1
   629 | D:1      | Reached XP level 3. HP: 31/31 MP: 2/2
  1093 | D:2      | Reached XP level 4. HP: 38/38 MP: 3/3
  1508 | D:3      | Reached skill level 5 in Ranged Weapons
  2058 | D:3      | Reached XP level 5. HP: 46/46 MP: 4/4
  2182 | D:4      | Noticed Sigmund
  2183 | D:4      | Noticed an ogre
  2341 | D:4      | Identified the +8 war axe of the Maze {freeze, rC+}
  2446 | D:4      | Killed an ogre
  2447 | D:4      | Reached XP level 6. HP: 53/53 MP: 5/5
  2616 | D:4      | Found a shimmering altar of Xom.
  2654 | D:4      | Found a staircase to the Ecumenical Temple.
  2672 | Temple   | Entered the Ecumenical Temple
  2829 | Temple   | Became a worshipper of Cheibriados the Contemplative
  2830 | Temple   | Quit the game

Illustrated notes

Levels and vault maps discovered:
D:1:      heliophobic_arrival_henge, layout_loops_ring,
          dreamdust_ecumenical_altar_drowned_temple
D:2:      layout_basic, minmay_nonomino_d4
D:3:      layout_loops_cross
D:4:      layout_basic, mainiacjoe_overflow_24_doors, zin_scriptorium,
          minmay_temple_entry_junction, minmay_checkerbox, uniq_pikel,
          uniq_crazy_yiuf_cottage, uniq_sigmund
Temple:   chequers_temple_sunken

Skill      XL: |  1  2  3  4  5 |
---------------+----------------+-----
Stealth        | 1 2 |  2.0
Fighting       | 3 4 |  4.7
Dodging        | 3 4 |  4.2
Ranged Weapons | 5 |  5.8

Action                   |  1- 3 |  4- 6 || total
-------------------------+-------+-------++-------
 Fire: Shortbow          |    99 |   109 ||   208
       Sling             |     7 |       ||     7
Armor: Leather armour    |     8 |     9 ||    17
Dodge: Dodged            |    32 |    25 ||    57
